 Dungeon Crawl Stone Soup version 0.29-a0-303-ge4682ce883 (webtiles) character file.

Game seed: 7703913284015210278

11561 kae the Zephyrmancer (level 11, -9/96 HPs)
             Began as a Tengu Air Elementalist on Mar 25, 2022.
             Was a Priest of Sif Muna.
             Mangled by a two-headed ogre
             ... wielding a +0 giant spiked club
              (23 damage)
             ... on level 11 of the Dungeon.
             The game lasted 00:14:39 (19542 turns).

kae the Zephyrmancer (Tengu Air Elementalist)      Turns: 19542, Time: 00:14:40

Health: -9/96      AC: 25    Str: 10    XL:     11   Next: 79%
Magic:  2/21       EV:  2    Int: 25    God:    Sif Muna [***...]
Gold:   758        SH:  5    Dex: 16    Spells: 12/22 levels left

rFire   . . .      SeeInvis .   C - staff of air
rCold   . . .      Faith    .   A - +0 buckler
rNeg    . . .      Spirit   .   (body armour currently unavailable)
rPois   +          Reflect  .   (helmet currently unavailable)
rElec   +          Harm     .   (cloak currently unavailable)
rCorr   .          Rampage  .   (gloves currently unavailable)
Will    .....      NoTele   +   (boots unavailable)
Stlth   ++........              (no amulet)
HPRegen 0.26/turn               p - +4 ring of evasion
MPRegen 0.17/turn               z - ring of Cidi {Str+2 Int+6}

@: tree-form, marked
A: stationary, stasis, torment immunity, boosted hp, (beak), (talons 3), nimble
flight
a: Renounce Religion, Channel Magic, Forget Spell


You were on level 11 of the Dungeon.
You worshipped Sif Muna.
Sif Muna was most pleased with you.
You were a tree.
You visited 2 branches of the dungeon, and saw 12 of its levels.

You collected 758 gold pieces.

Inventory:

Hand Weapons
 c - a +1 spear
 w - a +0 short sword of venom
Missiles
 H - 2 throwing nets
Armour
 A - a +0 buckler (worn)
 B - a +2 robe of positive energy (melded)
Magical Staves
 u - a staff of conjuration
 C - a staff of air (weapon)
Jewellery
 p - a +4 ring of evasion (left branch)
 z - the ring of Cidi (right branch) {Str+2 Int+6}
   (You found it on level 8 of the Dungeon)

   [ring of intelligence]

   Str:       It affects your strength (+2).
   Int:       It affects your intelligence (+6).
 E - a ring of poison resistance
 G - a ring of magical power
 J - a ring of ice
Wands
 i - a wand of charming (14)
 v - a wand of digging (7)
 x - a wand of iceblast (17)
 D - a wand of polymorph (2)
Scrolls
 a - a scroll of enchant weapon
 e - 4 scrolls of noise
 g - 2 scrolls of vulnerability
 h - a scroll of enchant armour
 j - 8 scrolls of identify
 k - 7 scrolls of teleportation
 m - 2 scrolls of immolation
 n - a scroll of silence
 o - a scroll of fear
 r - 5 scrolls of magic mapping
 t - a scroll of amnesia
 y - a scroll of torment
Potions
 b - 5 potions of magic
 d - 2 potions of heal wounds
 f - 2 potions of attraction
 l - a potion of lignification
 q - a potion of berserk rage
 s - a potion of haste
 F - a potion of degeneration
 I - 2 potions of curing


   Skills:
 + Level 6.3 Fighting
 + Level 7.0 Armour
 + Level 7.3 Dodging
 - Level 2.0 Stealth
 - Level 4.0 Shields
 + Level 6.2 Spellcasting
 - Level 8.0 Conjurations
 * Level 12.6 Air Magic
 + Level 4.7 Invocations
 + Level 2.3 Evocations


You had 12 spell levels left.
You knew the following spells:

 Your Spells              Type           Power      Damage    Failure   Level
a - Shock                 Conj/Air       100%       1d9       1%          1
b - Static Discharge      Conj/Air       73%        N/A       1%          2
c - Airstrike             Air            41%        N/A       1%          4
d - Swiftness             Air            82%        N/A       1%          3

Your spell library contained the following spells:

 Spells                   Type           Power      Damage    Failure   Level
 Summon Lightning Spire   Summ/Air       56%        N/A       7%          4
 Summon Small Mammal      Summ           28%        N/A       10%         1
 Fulminant Prism          Conj/Hex       13%        3d9       19%         4
 Iskenderun's Mystic Bla  Conj/Tloc      27%        2d7       19%         4
 Sticky Flame             Conj/Fire      27%        2d5       19%         4
 Call Canine Familiar     Summ           7%         N/A       28%         3
 Summon Guardian Golem    Hex/Summ       7%         N/A       28%         3
 Dispel Undead            Necr           7%         3d8       67%         4
 Lee's Rapid Deconstruct  Erth           3%         3d6*      95%         5
 Maxwell's Capacitive Co  Air            41%        ∞         98%         8
 Storm Form               Tmut/Air       28%        N/A       99%         7
 Dispersal                Tloc           3%         N/A       100%        6
 Disjunction              Tloc           3%         N/A       100%        8


Dungeon Overview and Level Annotations

Branches:
Dungeon (11/15)            Temple (1/1) D:5            Lair (0/6) D:11
    Orc (0/2) D:11

Altars:
Ashenzari
Cheibriados
Dithmenos
Elyvilon
Fedhas
Gozag
Hepliaklqana
Kikubaaqudgha
Makhleb
Nemelex Xobeh
Okawaru
Qazlal
Ru
Sif Muna
Trog
Uskayaw
Vehumet
Wu Jian
Xom
Yredelemnul
Zin
The Shining One

Shops:
D:6 =

Annotations:
D:3 Grinder
D:8 Gastronok
D:11 1 runed translucent door, Fannar; FlatIsJustice's ghost, journeyman TeAE


Innate Abilities, Weirdness & Mutations

You are a tree.
Your roots penetrate the ground, keeping you stationary.
You cannot be teleported.
You are immune to unholy pain and torment.
Your maximum health is greatly increased.
Your equipment is partially melded.
((You have a beak for a mouth.))
((You have claws for feet.))
Your magical nature lets you fly swiftly and evasively.


Message History

The bolt of cold hits you!!
* * * LOW HITPOINT WARNING * * *
Casting: Airstrike (mildly dangerous; 1% risk of failure)
Confirm with . or Enter, or press ? or * to list all spells.
You feel a surge of power!
Fannar is struck by an arc of lightning.
Fannar is heavily wounded.
You resist.
You are struck by an arc of lightning.
* * * LOW HITPOINT WARNING * * *
Fannar is struck by an arc of lightning!
Fannar is heavily wounded.
The lightning grounds out.
Fannar hits you but does no damage.
Fannar hits you with a +0 quarterstaff of freezing.
* * * LOW HITPOINT WARNING * * *
Fannar freezes you.
* * * LOW HITPOINT WARNING * * *
You block the two-headed ogre's attack.
The two-headed ogre completely misses you.
Okay, then.
As you read the scroll of fear, it crumbles to dust.
You assume a fearsome visage.
The wraith is unaffected.
Fannar looks frightened!
The two-headed ogre looks frightened!
Fannar casts a spell.
Fannar blinks!
Casting: Static Discharge (safe; 1% risk of failure)
Confirm with . or Enter, or press ? or * to list all spells.
You feel a surge of power!
The two-headed ogre is struck by an arc of lightning!!
Your attack snaps the two-headed ogre out of its fear.
The two-headed ogre is moderately wounded.
The lightning grounds out.
The two-headed ogre hits you with a +0 giant spiked club.
* * * LOW HITPOINT WARNING * * *
The two-headed ogre hits you but does no damage.
Fannar gestures wildly while chanting.
Fannar blinks!
Fannar mumbles some strange words.
Fannar blinks!
The two-headed ogre hits you with a +0 giant spiked club!!
You die...

#########################
..............§.†.§......
......####.....#♣).......
......# #.....#O§.......
###...####.....#W)...##..
...............#...e.#
...............#.......
####...........#.........
#.....................
#######..........#####
#......#...#


You could see Fannar (fleeing), a two-headed ogre and a wraith.

Vanquished Creatures
  Josephine (D:11)
  Erica (D:8)
  2 two-headed ogres
  Joseph (D:8)
  Psyche (D:8)
  2 trolls
  A hornet (D:7)
  A raiju (shapeshifter) (D:10)
  Prince Ribbit (D:6)
  Sigmund (D:6)
  A shadow (D:9)
  8 yaks
  3 wraiths (D:11)
  A steam dragon (D:8)
  Menkaure (D:5)
  Duvessa (D:6)
  2 water moccasins (D:6)
  6 orc warriors
  3 ogres
  A black bear (shapeshifter) (D:10)
  12 centaurs
  4 phantoms
  Blork the orc (D:4)
  5 bullfrogs
  2 gnoll sergeants (D:9)
  4 wights (D:9)
  Dowan (D:6)
  20 killer bees
  A howler monkey (D:6)
  3 jellies (D:3)
  7 orc priests
  7 hounds
  An iguana (D:5)
  10 orc wizards
  8 adders
  15 gnolls
  2 ufetubi
  2 worms (D:5)
  3 dart slugs
  33 orcs
  16 endoplasms
  A giant cockroach (D:1)
  7 hobgoblins
  4 jackals (D:2)
  5 quokkas
  6 ball pythons
  6 bats
  5 frilled lizards
  5 goblins
  15 kobolds
  4 rats
254 creatures vanquished.

Vanquished Creatures (others)
  A bullfrog (D:8)
  A wight (D:8)
  An orc wizard (D:11)
  3 fungi (D:3)
  7 plants
  6 toadstools (D:3)
19 creatures vanquished.

Grand Total: 273 creatures vanquished

Notes
Turn   | Place    | Note
-------+----------+-------------------------------------------
     0 | D:1      | kae the Tengu Air Elementalist began the quest for the Orb.
     0 | D:1      | Reached XP level 1. HP: 10/10 MP: 4/4
   327 | D:1      | Reached XP level 2. HP: 16/16 MP: 3/6
   765 | D:1      | Found a faded altar of an unknown god.
  1178 | D:2      | Reached XP level 3. HP: 9/20 MP: 0/7
  1451 | D:2      | Reached skill level 1 in Fighting
  1459 | D:2      | Reached skill level 1 in Armour
  1962 | D:2      | Reached XP level 4. HP: 25/25 MP: 4/8
  1965 | D:2      | Learned a level 2 spell: Static Discharge
  1970 | D:2      | Learned a level 4 spell: Airstrike
  2218 | D:3      | Noticed Grinder
  2422 | D:3      | Reached skill level 5 in Air Magic
  2970 | D:3      | Gained mutation: Your magical nature lets you fly swiftly
                  | and evasively. [Tengu growth]
  2970 | D:3      | Reached XP level 5. HP: 24/29 MP: 6/9
  3419 | D:3      | Reached XP level 6. HP: 35/35 MP: 9/11
  3906 | D:3      | Found a radiant altar of Vehumet.
  3907 | D:3      | Found a sparkling altar of Nemelex Xobeh.
  3908 | D:3      | Found a glowing silver altar of Zin.
  3980 | D:3      | Learned a level 3 spell: Swiftness
  4104 | D:3      | Reached skill level 6 in Air Magic
  4551 | D:4      | Noticed an orc warrior
  4784 | D:4      | Reached XP level 7. HP: 36/40 MP: 7/12
  4845 | D:4      | Noticed Blork the orc
  4886 | D:4      | Killed Blork the orc
  5147 | D:4      | Reached skill level 7 in Air Magic
  6443 | D:5      | Entered Level 5 of the Dungeon
  6468 | D:5      | Found a burning altar of Makhleb.
  6667 | D:5      | Reached XP level 8. HP: 46/46 MP: 0/14
  6776 | D:5      | Found a staircase to the Ecumenical Temple.
  6951 | Temple   | Entered the Ecumenical Temple
  7086 | Temple   | Became a worshipper of Sif Muna the Loreminder
  7190 | D:5      | Noticed Menkaure
  7193 | D:5      | Killed Menkaure
  7601 | D:6      | Noticed a yak
  7603 | D:6      | Noticed a yak
  7606 | D:6      | Noticed a yak
  7640 | D:5      | Killed a yak
  7641 | D:5      | Reached skill level 8 in Air Magic
  7641 | D:5      | Reached skill level 1 in Invocations
  7880 | D:5      | Killed a yak
  7881 | D:5      | Reached skill level 5 in Conjurations
  8030 | D:5      | Killed a yak
  8330 | D:6      | Reached XP level 9. HP: 44/52 MP: 7/16
  8444 | D:6      | Noticed Sigmund
  8565 | D:6      | Reached skill level 5 in Dodging
  8591 | D:6      | Reached skill level 9 in Air Magic
  8739 | D:6      | Noticed Prince Ribbit
  8746 | D:6      | Killed Prince Ribbit
  8795 | D:6      | Killed Sigmund
  9112 | D:6      | Noticed Duvessa
  9118 | D:6      | Noticed Dowan
  9258 | D:6      | Killed Duvessa
  9525 | D:6      | Killed Dowan
  9642 | D:6      | Reached * piety under Sif Muna
  9839 | D:6      | Found Dayphobu's Jewellery Shop.
 10120 | D:6      | Reached skill level 5 in Armour
 10325 | D:6      | Found Dayphobu's Jewellery Shop.
 10764 | D:7      | Reached skill level 10 in Air Magic
 10833 | D:7      | Noticed a hornet
 10837 | D:7      | Killed a hornet
 10955 | D:7      | Reached XP level 10. HP: 58/58 MP: 5/18
 11177 | D:7      | Reached skill level 5 in Spellcasting
 11711 | D:7      | Reached skill level 5 in Fighting
 12352 | D:8      | Noticed Joseph
 12582 | D:8      | Identified the ring of Cidi {Str+2 Int+6}
 12628 | D:8      | Killed Joseph
 12936 | D:8      | Noticed Psyche
 12942 | D:8      | Noticed Gastronok
 12985 | D:8      | Noticed Erica
 13151 | D:8      | Killed Erica
 13152 | D:8      | Reached skill level 11 in Air Magic
 13372 | D:8      | Noticed a two-headed ogre
 13377 | D:8      | Killed a two-headed ogre
 13396 | D:8      | HP: 2/59 [killer bee (7)]
 14178 | D:8      | Killed Psyche
 14527 | D:8      | Reached ** piety under Sif Muna
 14528 | D:8      | Reached skill level 1 in Shields
 14616 | D:8      | Reached XP level 11. HP: 64/64 MP: 4/20
 16551 | D:9      | Found an ancient bone altar of Kikubaaqudgha.
 16588 | D:9      | Reached skill level 12 in Air Magic
 16594 | D:9      | Reached skill level 1 in Evocations
 17493 | D:9      | Found an ancient bone altar of Kikubaaqudgha.
 17820 | D:10     | Entered Level 10 of the Dungeon
 17972 | D:10     | Found a hazy altar of Hepliaklqana.
 18432 | D:10     | Noticed a two-headed ogre
 18435 | D:10     | Killed a two-headed ogre
 18844 | D:11     | Found a staircase to the Lair.
 18878 | D:11     | Reached *** piety under Sif Muna
 18903 | D:11     | Found a staircase to the Orcish Mines.
 18903 | D:11     | Noticed Josephine
 19062 | D:11     | Killed Josephine
 19251 | D:11     | Found a runed translucent door.
 19253 | D:11     | Found a shimmering altar of Xom.
 19253 | D:11     | Noticed FlatIsJustice's ghost (journeyman TeAE)
 19254 | D:11     | Noticed a +2 dire flail of chaos
 19525 | D:11     | Noticed Fannar
 19532 | D:11     | Noticed a two-headed ogre
 19542 | D:11     | Mangled by a two-headed ogre

Illustrated notes

Levels and vault maps discovered:
D:1:      wander_arrival_peaceful_grave, layout_basic,
          hellmonk_ecumenical_altar_zigzags
D:2:      layout_basic, minmay_misc_feat_more_columns
D:3:      cheibrodos_fertilizer, layout_loops_corners,
          chequers_temple_overflow_statue_of_worship, serial_bayou_pond_b,
          uniq_grinder
D:4:      layout_loops_corners, guppyfry_early_orc_mine, uniq_blork_the_orc
D:5:      layout_cave_pools, makhleb_heckhound_becter, minmay_temple_entry_grid,
          uniq_menkaure
D:6:      layout_rooms, serial_shops, nicolae_diamond_shop,
          kennysheep_generic_room_7, uniq_duvessa, uniq_prince_ribbit1,
          uniq_sigmund
D:7:      layout_basic, corexii_hall_statues_i, centaur_isle
D:8:      layout_loops_ring, st_stairs_1, uniq_joseph, uniq_psyche, uniq_erica,
          uniq_gastronok
D:9:      layout_loops_ring, lemuel_coloured_pillars_altar, serial_bayou_pond_e
D:10:     layout_cave_pools, mainiacjoe_overflow_24_doors
D:11:     layout_stronghold, lair_entry_dummy, david_orc_3, ebering_ghost_xom,
          uniq_josephine, uniq_fannar
Temple:   compressed_dpeg_circular_temple

Skill      XL: |  1  2  3  4  5  6  7  8  9 10 11 |
---------------+----------------------------------+-----
Fighting       | 1 2 3 4 5 6 |  6.3
Armour         | 1 2 3 4 5 6 7 |  7.0
Conjurations   | 2 3 4 5 6 7 8 |  8.0
Air Magic      | 5 6 7 8 10 11 12 | 12.6
Dodging        | 3 4 5 6 7 |  7.3
Spellcasting   | 3 4 5 6 |  6.2
Invocations    | 1 3 4 |  4.7
Shields        | 1 4 |  4.0
Evocations     | 2 |  2.3
Stealth        | |  2.0

Action                   |  1- 3 |  4- 6 |  7- 9 | 10-12 || total
-------------------------+-------+-------+-------+-------++-------
Melee: Spear             |    33 |    46 |    19 |    18 ||   116
       Kick              |    11 |    14 |     4 |     7 ||    36
       Peck              |     5 |     4 |     1 |     4 ||    14
       Unarmed           |     1 |       |       |       ||     1
       Punch             |       |       |     1 |       ||     1
       Staff             |       |       |       |    20 ||    20
 Cast: Shock             |    66 |   106 |   117 |    65 ||   354
       Static Discharge  |       |     1 |    29 |    45 ||    75
       Airstrike         |       |     1 |    54 |   125 ||   180
Invok: Channel Magic     |       |       |       |     1 ||     1
  Use: Potion            |     1 |     1 |       |     7 ||     9
       Scroll            |     1 |     1 |    13 |     7 ||    22
 Stab: Sleeping          |       |     2 |     1 |       ||     3
Armor: Robe              |     1 |     7 |     5 |     7 ||    20
       Skin              |       |       |       |    34 ||    34
Dodge: Dodged            |    27 |    46 |    59 |   129 ||   261
Block: Buckler           |       |       |       |    19 ||    19

Table legend: (Time is in decaauts)
 A = Elapsed time spent in this place.
 B = Non-inter-level travel time spent in this place.
 C = Inter-level travel time spent in this place.
 D = Time resting spent in this place.
 E = Time spent auto-exploring this place.
 F = Levels seen in this place.
 G = Mean time per level.
                   A        B        C        D        E       F      G
               +--------+--------+--------+--------+--------+-----+--------+
         Total |  18910 |  18120 |    790 |   4421 |  11702 |  12 | 1575.8 |
       Dungeon |  18752 |  18020 |    732 |   4421 |  11614 |  11 | 1704.7 |
        Temple |    158 |    101 |     57 |      0 |     88 |   1 |  158.0 |
               +--------+--------+--------+--------+--------+-----+--------+

Top non-repeatable levels by time:
     D:7: 2550 daAuts
     D:3: 2304 daAuts
     D:8: 2096 daAuts
     D:6: 2078 daAuts
     D:9: 1997 daAuts
     D:5: 1961 daAuts
     D:4: 1694 daAuts
     D:2: 1249 daAuts
     D:1: 1159 daAuts
    D:10: 1037 daAuts
    D:11: 621 daAuts
  Temple: 158 daAuts
